 Dungeon Crawl Stone Soup version 0.23.0 (webtiles) character file.

Game seed: 13269599934913525622

346 Kairos the Chopper (level 6, -3/33 HPs)
             Began as a Vine Stalker Fighter on Feb 12, 2019.
             Killed by nerve-wracking pain
             ... invoked by an orc priest
              (12 damage)
             ... on level 4 of the Dungeon.
             The game lasted 00:05:13 (2390 turns).

Kairos the Chopper (Vine Stalker Fighter)           Turns: 2390, Time: 00:05:13

Health: -3/33      AC:  9    Str: 21    XL:     6   Next: 59%
Magic:  0/7        EV:  5    Int:  8    God:
Gold:   135        SH:  9    Dex: 13    Spells: 5/5 levels left

rFire    . . .     SeeInvis .   a - +3 war axe
rCold    + + .     Gourm    .   c - +0 shield
rNeg     . . .     Faith    .   q - +0 chain mail
rPois    .         Spirit   +   (no helmet)
rElec    .         Reflect  .   (no cloak)
rCorr    .         Harm     .   (no gloves)
MR       .....                  (no boots)
Stlth    ..........             o - amulet of rage
HPRegen  0.51/turn              h - ring of protection from cold
MPRegen  0.10/turn              r - ring of protection from cold

@: no status effects
A: fangs 2, regeneration 1, magic shield, antimagic bite, no potion heal 3, rot
immunity
a: Evoke Berserk Rage


You were on level 4 of the Dungeon.
You were not hungry.

You visited 1 branch of the dungeon, and saw 4 of its levels.

You collected 135 gold pieces.

Inventory:

Hand Weapons
 a - a +3 war axe (weapon)
 u - a +0 morningstar
Armour
 b - a +0 scale mail
 c - a +0 shield (worn)
 q - a +0 chain mail (worn)
Jewellery
 h - a ring of protection from cold (left hand)
 o - an amulet of rage (around neck)
 r - a ring of protection from cold (right hand)
 v - an uncursed ring of ice
 w - an uncursed ring of protection from cold
 x - an uncursed ring of fire
Scrolls
 g - 2 scrolls of teleportation
 i - a scroll of remove curse
 m - a scroll of noise
 t - a scroll of blinking {unknown}
Potions
 d - a potion of might
 e - 2 potions of invisibility
 j - 2 potions of resistance {unknown}
 k - a potion of brilliance {unknown}
 l - a potion of lignification {unknown}
 n - a potion of mutation {unknown}
 p - a potion of curing {unknown}
 s - a potion of degeneration {unknown}
Comestibles
 f - 6 rations
 z - a chunk of flesh


   Skills:
 + Level 3.8 Fighting
 + Level 3.9 Axes
 + Level 3.3 Armour
 + Level 0.8 Dodging
 + Level 3.7 Shields


You had 5 spell levels left.
You didn't know any spells.
Your spell library was empty.

Dungeon Overview and Level Annotations

Branches:
Dungeon (4/15)
 Temple: D:4-7

Altars:
Xom


Innate Abilities, Weirdness & Mutations

You have extremely sharp teeth.
Your natural rate of healing is unusually fast.
When hurt, damage is shared between your health and your magic reserves.
Your bite disrupts and absorbs the magic of your enemies.
Potions cannot restore your health.
You are immune to rotting.


Message History

The orc wizard hits you but does no damage.
Things that are here:
a +0 flail; an orc corpse You slash the orc wizard!
The orc wizard is severely wounded.
You closely miss the orc. The orc hits you but does no damage.
The orc wizard casts a spell at you.
You easily resist.
You hit the orc wizard.
The orc wizard is almost dead.
You closely miss the orc.
The orc priest invokes the aid of Beogh against you.
Beogh smites you!
The orc wizard points at you and mumbles some strange words.
The magic dart hits you!
* * * LOW HITPOINT WARNING * * *
The orc hits you but does no damage.
The orc priest mumbles some strange prayers to Beogh against you.
Pain shoots through your body!
You die...

#### ##..# #####
### #.... ...##..#
#...#####.......
#...##..##o...
#.......##.o#
#..รท##..##@o#
..##...##......#
........<+.......#
........##..##..##
[.......##..#####
#..###..##... #..
#..##... ..
....+..# .....#..


You could see an orc priest, an orc wizard and an orc.

Vanquished Creatures
  The ghost of EtherCrawl the Sneak, an amateur TeEn (D:3)
  An orc priest (D:3)
  7 gnolls (D:3)
  3 adders (D:3)
  A worker ant simulacrum (D:3)
  3 worms
  2 dart slugs
  2 adder simulacra (D:3)
  3 leopard geckos
  4 orcs
  4 giant cockroaches
  12 goblins
  7 hobgoblins
  2 jackals (D:1)
  14 kobolds
  A quokka (D:3)
  2 ball pythons
  9 bats
  7 frilled lizards
  A giant cockroach simulacrum (D:3)
  A quokka simulacrum (D:3)
  5 rats
92 creatures vanquished.

Notes
Turn   | Place    | Note
-------+----------+-------------------------------------------
     0 | D:1      | Kairos the Vine Stalker Fighter began the quest for the
                  | Orb.
     0 | D:1      | Reached XP level 1. HP: 11/11 MP: 2/2
   105 | D:1      | Reached XP level 2. HP: 12/16 MP: 3/3
   535 | D:1      | Reached XP level 3. HP: 20/20 MP: 4/4
  1337 | D:2      | Found a shimmering altar of Xom.
  1338 | D:2      | Gained mutation: Your natural rate of healing is unusually
                  | fast. [Vine Stalker growth]
  1338 | D:2      | Reached XP level 4. HP: 23/24 MP: 5/5
  1485 | D:3      | HP: 1/24 [orc priest/divine providence (10)]
  1651 | D:3      | Noticed EtherCrawl's ghost (amateur TeEn)
  1675 | D:3      | Reached XP level 5. HP: 28/28 MP: 6/6
  1699 | D:3      | Found a runed translucent gate.
  1705 | D:3      | Found a runed translucent gate.
  1706 | D:3      | Found a runed translucent gate.
  2225 | D:3      | Reached XP level 6. HP: 33/33 MP: 7/7
  2307 | D:3      | Killed EtherCrawl's ghost
  2390 | D:4      | Killed from afar by an orc priest

Skill      XL: |  1  2  3  4  5 |
---------------+----------------+-----
Fighting       | 3 |  3.8
Axes           | 2 3 |  3.9
Shields        | 3 |  3.7
Armour         | 3 |  3.3
Dodging        | |  0.8

Action                   |  1- 3 |  4- 6 || total
-------------------------+-------+-------++-------
Melee: War axe           |   121 |   120 ||   241
       Bite              |    26 |    31 ||    57
  Use: Scroll            |     3 |     4 ||     7
  Eat: Chunk             |       |     5 ||     5
Armor: Scale mail        |    48 |       ||    48
       Chain mail        |    19 |    74 ||    93
Dodge: Dodged            |    34 |    28 ||    62
Block: Shield            |    77 |    61 ||   138
